 Dungeon Crawl Stone Soup version 0.20.0-7-g3b7b877 (webtiles) character file.

975 RKaid the Conjurer (level 8, -3/51 HPs)
             Began as an Octopode Wizard on May 28, 2017.
             Was an Initiate of Vehumet.
             Shot with an arrow by a centaur (13 damage)
             ... on level 6 of the Dungeon.
             The game lasted 00:32:34 (8708 turns).

RKaid the Conjurer (Octopode Wizard)                Turns: 8708, Time: 00:32:35

Health: -3/51      AC:  2    Str:  6    XL:     8   Next: 16%
Magic:  4/13       EV: 14    Int: 23    God:    Vehumet [......]
Gold:   319        SH:  4    Dex: 10    Spells: 2/13 levels left

rFire    + . .     SeeInvis .   s - +4 war axe
rCold    . . .     Gourm    .   m - +0 buckler
rNeg     . . .     Faith    .   a - +1 hat
rPois    .         Spirit   .   (no amulet)
rElec    .         Reflect  .   d - ring of protection from fire {rF+}
rCorr    +         Harm     .   l - ring of resist corrosion
MR       .....                  (no ring)
Stlth    +++.......             (no ring)
Regen    0.2/turn               (no ring)
MPRegen  0.2/turn               (no ring)
                                (no ring)
                                (no ring)

@: no status effects
A: almost no armour, stealthy swim, amphibious, 8 rings, constrict 8, camouflage
1, gelatinous body 1
a: Renounce Religion


You were on level 6 of the Dungeon.
You worshipped Vehumet.
Vehumet was noncommittal.
You were not hungry.

You visited 2 branches of the dungeon, and saw 7 of its levels.

You collected 319 gold pieces.

Inventory:

Hand Weapons
 g - a +0 spear
   (You found it on level 1 of the Dungeon)
 h - a +0 dagger
   (You found it on level 1 of the Dungeon)
 n - a +0 dagger
   (You took it off a goblin on level 1 of the Dungeon)
 s - a +4 war axe (weapon)
   (You took it off a hobgoblin on level 2 of the Dungeon)
Missiles
 e - 205 stones (quivered)
 f - 12 sling bullets
Armour
 a - a +1 hat (worn)
 m - a +0 buckler (worn)
   (You found it on level 1 of the Dungeon)
Jewellery
 d - a ring of protection from fire (left tentacle) {rF+}
   (You found it on level 1 of the Dungeon)
 l - a ring of resist corrosion (right tentacle)
   (You found it on level 1 of the Dungeon)
Wands
 i - a wand of polymorph (11/24)
   (You found it on level 6 of the Dungeon)
 C - a wand of flame (25/48)
   (You found it on level 4 of the Dungeon)
 F - a wand of iceblast (11/15)
   (You found it on level 4 of the Dungeon)
Scrolls
 j - a scroll of fear
 q - 2 scrolls of teleportation
 r - 2 scrolls of enchant armour
 w - a scroll of amnesia
Potions
 k - 2 potions of flight
 p - a potion of experience {unknown}
 v - a potion of degeneration {unknown}
 y - a potion of berserk rage {unknown}
 A - 3 potions of curing
 B - a potion of invisibility
 E - a potion of might {unknown}
Books
 b - a book of Minor Magic
Comestibles
 c - 4 bread rations
 o - a chunk of flesh
 u - 2 meat rations
 x - 4 royal jellies


   Skills:
 - Level 2.3 Fighting
 - Level 2.1 Axes
 - Level 4.0 Dodging
 - Level 3.0 Stealth
 - Level 4.0 Shields
 - Level 3.4 Spellcasting
 + Level 4.8 Conjurations
 - Level 1.0 Summonings
 - Level 1.5 Translocations
 + Level 3.3 Poison Magic


You had 2 spell levels left.
You knew the following spells:

 Your Spells              Type           Power        Failure   Level  Hunger
a - Magic Dart            Conj           ####         1%          1    None
b - Call Imp              Summ           #.......     11%         2    ##.....
c - Mephitic Cloud        Conj/Pois/Air  ###.....     11%         3    ###....
A - Conjure Flame         Conj/Fire      ###.....     12%         3    ###....
B - Blink                 Tloc           N/A          9%          2    ##.....


Dungeon Overview and Level Annotations

Branches:
Dungeon (6/15)             Temple (1/1) D:4

Altars:
Ashenzari
Cheibriados
Dithmenos
Elyvilon
Hepliaklqana
Kikubaaqudgha
Makhleb
Nemelex Xobeh
Okawaru
Ru
Sif Muna
Trog
Vehumet
Xom
Yredelemnul
Zin
The Shining One

Shops:
D:6 ?(

Annotations:
D:2 Sigmund, Terence
D:4 Yarijo's ghost, amateur KoHu
D:5 melvik's ghost, novice MiBe
D:6 Chiseanne's ghost, amateur DEAM


Innate Abilities, Weirdness & Mutations

You cannot wear most types of armour.
You are very stealthy in the water. (Stealth+)
You are amphibious.
You can wear up to eight rings at the same time.
You can use your tentacles to constrict eight enemies at once.
Your skin changes colour to match your surroundings (Stealth+).
Your rubbery body absorbs attacks. (AC +1, EV +1)


Message History

The magic dart hits the centaur.
The centaur barely misses the sky beast.
A sky beast comes into view.
Casting: Magic Dart
Confirm with . or Enter, or press ? or * to list all spells.
Aiming: Magic Dart
Press: ? - help, Shift-Dir - straight line, f/p - centaur
Aim: a centaur (severely wounded, confused)
The magic dart hits the centaur.
The sky beast moves out of view.
Casting: Magic Dart
Confirm with . or Enter, or press ? or * to list all spells.
Aiming: Magic Dart
Press: ? - help, Shift-Dir - straight line, f/p - centaur
Aim: a centaur (heavily wounded, confused)
You miscast Magic Dart.
You are very lightly contaminated with residual magic.
Nothing appears to happen.
You hit the sky beast.
The sky beast hits you but does no damage.
You barely miss the sky beast. The sky beast closely misses you.
The centaur screams, "I'll kill you anyway!"
You block the sky beast's attack.
Press: ? - help, v - describe, . - travel
Here: a sky beast (lightly wounded)
The floor.
Unknown command.
You barely miss the sky beast. The sky beast barely misses you.
The sky beast flickers out of sight!
Deactivating autopickup; reactivate with Ctrl-A.
You see here an arrow.
Casting: Magic Dart
Confirm with . or Enter, or press ? or * to list all spells.
Aiming: Magic Dart
Press: ? - help, Shift-Dir - straight line, f/p - centaur
Aim: a centaur (heavily wounded, confused)
The magic dart hits something.
Something hits you. Something shocks you.
Casting: Magic Dart
Confirm with . or Enter, or press ? or * to list all spells.
Aiming: Magic Dart
Press: ? - help, Shift-Dir - straight line, f/p - centaur
Aim: a centaur (heavily wounded, confused)
The magic dart hits something.
A sky beast appears from thin air!
Reactivating autopickup.
The sky beast hits you. The sky beast shocks you.
You hit the sky beast. Your squeeze misses the sky beast.
The sky beast hits you. The sky beast shocks you.
The sky beast closely misses you.
Press: ? - help, v - describe, . - travel
Here: a sky beast (moderately wounded) Some shallow water.
Unknown command.
Casting: Magic Dart
Confirm with . or Enter, or press ? or * to list all spells.
Aiming: Magic Dart
Press: ? - help, Shift-Dir - straight line, f - sky beast
Aim: a sky beast (moderately wounded)
The magic dart hits the sky beast.
The sky beast closely misses you.
Your magical contamination has completely faded away.
You hit the sky beast.
The sky beast hits you but does no damage.
The sky beast misses you.
You hit the sky beast. The sky beast closely misses you.
You barely miss the sky beast. You squeeze the sky beast.
The sky beast hits you. The sky beast shocks you.
Evoke which item? (* to show all) (? for menu, Esc to quit)
Aiming: Throw Flame
Press: ? - help, Shift-Dir - straight line, f/p - sky beast
Aim: a sky beast (severely wounded)
The puff of flame hits the sky beast.
This wand has 27 charges left.
The sky beast completely misses you.
Evoke which item? (* to show all) (? for menu, Esc to quit)
Aiming: Throw Flame
Press: ? - help, Shift-Dir - straight line, f/p - sky beast
Aim: a sky beast (severely wounded)
The puff of flame hits the sky beast.
This wand has 26 charges left.
The sky beast hits you. The sky beast shocks you.
* * * LOW HITPOINT WARNING * * *
The sky beast flickers out of sight!
Deactivating autopickup; reactivate with Ctrl-A.
An adder comes into view.
A sky beast appears from thin air!
Reactivating autopickup.
There is a stone staircase leading up, spattered with blood here.
Evoke which item? (* to show all) (? for menu, Esc to quit)
Aiming: Throw Flame
Press: ? - help, Shift-Dir - straight line, f/p - sky beast
Aim: a sky beast (almost dead)
The puff of flame hits the sky beast.
This wand has 25 charges left.
The sky beast hits you.
* * * LOW HITPOINT WARNING * * *
The sky beast shocks you.
* * * LOW HITPOINT WARNING * * *
You hit the sky beast.
You kill the sky beast!
Vehumet accepts your kill.
Your Poison Magic skill increases to level 3!
You see here a sky beast corpse.
There is a stone staircase leading up, spattered with blood here.
The centaur wields a shortbow.
The centaur shoots an arrow.
The arrow hits you!
You die...

................#....#.#...
.......................#.. .
............./..##....#.. ..
#..............###....#.#
...
.......#...c.........#..#...
.....####..#......#..#....
...............##...#..#
..#######..###.####....##
.## #..# #.†@###....### .#
....# ###..##.#....# .#
..#.## ##......##.# ##
...##.# ###.....# .## ##.
... ##..#.##..# # ...
##..∩..# # #.#.#.# #...#.#
###.. #


You could see a centaur.

Vanquished Creatures
  A sky beast (D:6)
  2 ogres (D:5)
  A necrophage (D:6)
  A centaur (D:6)
  A crimson imp (D:5)
  5 hounds
  Jessica (D:2)
  An iguana (D:4)
  A worker ant (D:4)
  A hound skeleton (D:4)
  A howler monkey zombie (D:5)
  A worker ant zombie (D:6)
  9 adders
  2 shadow imps
  An adder skeleton (D:6)
  5 worms
  3 dart slugs
  4 leopard geckos
  5 orcs
  3 giant cockroaches
  9 goblins
  8 hobgoblins
  8 jackals
  3 quokkas
  4 ball pythons
  9 bats
  7 frilled lizards
  12 kobolds
  6 rats
115 creatures vanquished.

Vanquished Creatures (collateral kills)
  A crimson imp (D:6)
  A worker ant (D:6)
2 creatures vanquished.

Grand Total: 117 creatures vanquished

Notes
Turn   | Place    | Note
-------+----------+-------------------------------------------
     0 | D:1      | RKaid the Octopode Wizard began the quest for the Orb.
     0 | D:1      | Reached XP level 1. HP: 11/11 MP: 4/4
   388 | D:1      | Reached XP level 2. HP: 8/17 MP: 3/6
   574 | D:1      | Reached skill level 3 in Stealth
   821 | D:1      | Reached skill level 2 in Conjurations
  1269 | D:2      | Reached XP level 3. HP: 21/21 MP: 1/7
  1332 | D:2      | Found a glowing silver altar of Zin.
  1635 | D:2      | Reached skill level 1 in Shields
  1779 | D:2      | Found a sacrificial altar of Ru.
  1802 | D:2      | HP: 5/21 [bat (1)]
  2027 | D:2      | Learned a level 2 spell: Blink
  2031 | D:2      | Learned a level 3 spell: Conjure Flame
  2036 | D:2      | Reached XP level 4. HP: 26/27 MP: 7/9
  2152 | D:2      | Noticed Sigmund
  2185 | D:2      | Reached skill level 3 in Conjurations
  2262 | D:2      | Noticed Terence
  2387 | D:2      | HP: 6/27 [poisoned by an adder]
  2393 | D:2      | HP: 5/27 [poisoned by an adder]
  2400 | D:1      | HP: 4/27 [poisoned by an adder]
  2726 | D:2      | Noticed Jessica
  2738 | D:2      | Killed Jessica
  2738 | D:2      | Reached skill level 1 in Fighting
  2974 | D:2      | Reached XP level 5. HP: 33/33 MP: 5/10
  3293 | D:3      | Reached skill level 2 in Shields
  3332 | D:3      | Found a snail-covered altar of Cheibriados.
  4105 | D:4      | Found a staircase to the Ecumenical Temple.
  4108 | Temple   | Entered the Ecumenical Temple
  4367 | D:4      | Reached skill level 2 in Fighting
  4367 | D:4      | Reached XP level 6. HP: 35/39 MP: 4/11
  4567 | D:4      | Reached skill level 3 in Dodging
  4595 | D:4      | Noticed Yarijo's ghost (amateur KoHu)
  4653 | D:4      | HP: 7/39 [Yarijo's ghost (3)]
  5323 | D:4      | Found a burning altar of Makhleb.
  5528 | Temple   | Became a worshipper of Vehumet
  5590 | D:4      | Reached skill level 3 in Shields
  5719 | D:4      | Learned a level 3 spell: Mephitic Cloud
  5722 | D:4      | Learned a level 2 spell: Call Imp
  5989 | D:4      | Found a burning altar of Makhleb.
  6159 | D:4      | Reached skill level 1 in Axes
  6272 | D:5      | Entered Level 5 of the Dungeon
  6487 | D:5      | Noticed melvik's ghost (novice MiBe)
  6644 | D:5      | Found a deep blue altar of Sif Muna.
  6790 | D:5      | Reached XP level 7. HP: 45/45 MP: 0/12
  7349 | D:6      | Found Aclonog's Weapon Boutique.
  7433 | D:6      | Noticed Chiseanne's ghost (amateur DEAM)
  7711 | D:6      | Found Vuatat's Magic Scroll Emporium.
  7827 | D:5      | Reached skill level 2 in Axes
  8100 | D:5      | Reached skill level 4 in Dodging
  8100 | D:5      | Reached skill level 4 in Shields
  8547 | D:6      | Reached skill level 4 in Conjurations
  8547 | D:6      | Reached skill level 1 in Poison Magic
  8551 | D:6      | Reached skill level 2 in Poison Magic
  8662 | D:6      | Reached XP level 8. HP: 51/51 MP: 5/13
  8704 | D:6      | HP: 9/51 [sky beast (6)]
  8705 | D:6      | Reached skill level 3 in Poison Magic
  8708 | D:6      | Shot with an arrow by a centaur

Skill      XL: |  1  2  3  4  5  6  7  8 |
---------------+-------------------------+-----
Stealth        | 3 |  3.0
Conjurations   | 2 3 4 |  4.8
Shields        | 1 2 3 4 |  4.0
Fighting       | 1 2 |  2.3
Dodging        | 3 4 |  4.0
Axes           | 1 2 |  2.1
Poison Magic   | 2 3 |  3.3
Spellcasting   | |  3.4
Summonings     | |  1.0
Translocations | |  1.5

Action                   |  1- 3 |  4- 6 |  7- 9 || total
-------------------------+-------+-------+-------++-------
Melee: Spear             |    81 |       |       ||    81
       Constrict         |    10 |    12 |     3 ||    25
       Tentacles         |     5 |     4 |     2 ||    11
       War axe           |       |    48 |    32 ||    80
 Cast: Magic Dart        |    50 |   149 |    68 ||   267
       Blink             |       |     3 |     2 ||     5
       Conjure Flame     |       |     2 |       ||     2
       Mephitic Cloud    |       |     1 |     3 ||     4
       Call Imp          |       |       |     2 ||     2
Evoke: Wand              |       |       |     7 ||     7
  Use: Scroll            |       |    14 |       ||    14
 Stab: Sleeping          |     3 |       |       ||     3
  Eat: Chunk             |     3 |    14 |     3 ||    20
       Royal jelly       |       |       |     2 ||     2
       Fruit             |       |       |     1 ||     1
Armor: Skin              |     9 |     3 |    11 ||    23
Dodge: Dodged            |    52 |    39 |    46 ||   137
Block: Buckler           |       |     5 |     6 ||    11

Table legend:
 A = Turns spent in this place as a percentage of turns spent in the entire game.
 B = Non-inter-level travel turns spent in this place as a percentage of non-inter-level travel turns spent in the entire game.
 C = Inter-level travel turns spent in this place as a percentage of turns spent in this place.
 D = Turns resting spent in this place as a percentage of non-inter-level travel turns spent in this place.
 E = Turns spent auto-exploring this place as a percentage of non-inter-level travel turns spent in this place.
 F = Non-inter-level travel turns spent in this place divided by the number of levels of this place that you've seen.
                   A       B       C       D       E      F
               +-------+-------+-------+-------+-------+----------------------
         Total | 100.0 | 100.0 |   1.1 |   8.1 |   5.0 | 290.3
       Dungeon |  98.5 |  98.7 |   0.9 |   8.2 |   4.4 | 334.3
        Temple |   1.5 |   1.3 |  13.3 |   0.0 |  50.0 |  26.0
               +-------+-------+-------+-------+-------+----------------------

Table legend:
 A = Kills in this place as a percentage of kills in entire the game.
 B = Kills by you in this place as a percentage of kills by you in the entire game.
 C = Kills by friends in this place as a percentage of kills by friends in the entire game.
 D = Other kills in this place as a percentage of other kills in the entire game.
 E = Experience gained in this place as a percentage of experience gained in the entire game.
 F = Experience gained in this place divided by the number of levels of this place that you have seen.
                   A       B       C       D       E      F
               +-------+-------+-------+-------+-------+----------------------
         Total | 100.0 | 100.0 | 100.0 |  -nan | 100.0 | 199.1
       Dungeon | 100.0 | 100.0 | 100.0 |  -nan | 100.0 | 232.3
               +-------+-------+-------+-------+-------+----------------------
